AoeStats
← dr.kevinbubbles.ph.d

Nomad

510917636Analyzed
4v4 RM · 7h ago on Oct 3, 2026· 39m 10s· 8 players
Game mode
Random Map
Map size
231×231
Population
200
Speed
Normal
Resources
Standard
Victory
Conquest
Starting age
Dark Age
Ending age
Imperial Age
RankedLock teamsTeams togetherTeam positionsShared explorationLock speedFull tech treeHidden civsTurbo modeCheats
Victory
Defeat
🇺🇸 Burmese · United States
1069
+16
🇹🇼 Huns · Taiwan
1065
+16
🇨🇳 Huns · China
1041
+17
🇧🇷 Malay · Brazil
968
+20
🇺🇸 Vietnamese · United States
1088
-18
🇺🇸 Spanish · United States
1077
-18
🇺🇸 Varangians · United States
1045
-17
🇺🇸 Cumans · United States
1036
-16
Lord Tay
3:51 Loom
19:20 Feudal Age
20:38 Wheelbarrow
20:12 Fishing Lines
21:50 Forging
22:50 Bloodlines
24:05 Scale Barding Armor
27:24 Castle Age
28:41 Iron Casting
28:27 Chain Barding Armor
28:16 Husbandry
27:39 Light Cavalry
28:14 Gillnets
34:16 Hand Cart
Amork
15:49 Feudal Age
16:37 Double-Bit Axe
16:44 Gold Mining
20:14 Castle Age
18:53 Scale Barding Armor
18:59 Forging
19:28 Bloodlines
24:50 Bow Saw
25:16 Gold Shaft Mining
24:22 Horse Collar
25:35 Wheelbarrow
24:46 Loom
27:53 Chain Barding Armor
28:33 Fletching
28:54 Husbandry
30:29 Town Watch
34:12 Iron Casting
35:01 Bodkin Arrow
39:10 Imperial Age
38:18 Hand Cart
39:29 Padded Archer Armor
Jcn_x
6:25 Loom
17:07 Feudal Age
18:11 Double-Bit Axe
18:29 Fishing Lines
20:25 Fletching
23:57 Wheelbarrow
23:30 Gold Mining
24:05 Man-at-Arms
27:15 Castle Age
27:34 Medium Warships
29:40 Clinker Construction
29:43 Careening
29:56 Ballistics
29:45 Siphons
29:34 Town Watch
31:35 Gillnets
34:38 Treadmill Crane
36:50 Stone Mining
37:37 Gold Shaft Mining
37:39 Bow Saw
就墨子
5:14 Loom
15:15 Feudal Age
25:00 Castle Age
24:10 Gold Mining
37:59 Gold Shaft Mining
37:17 Stone Mining
38:20 Fishing Lines
39:23 Gillnets
I can't get no mattisfaction
5:22 Loom
13:33 Feudal Age
17:53 Castle Age
16:36 Double-Bit Axe
17:51 Horse Collar
19:45 Medium Warships
26:06 Wheelbarrow
Phoenixmatthew
13:43 Feudal Age
14:10 Double-Bit Axe
19:23 Horse Collar
21:28 Scale Barding Armor
22:19 Bloodlines
22:23 Gold Mining
24:53 Castle Age
23:25 Loom
24:18 Wheelbarrow
24:57 Forging
26:52 Squires
26:13 Pikeman
27:21 Heavy Plow
29:12 Iron Casting
32:14 Chain Barding Armor
33:28 Hand Cart
dr.kevinbubbles.ph.d
11:15 Loom
15:54 Feudal Age
19:44 Bloodlines
33:14 Double-Bit Axe
35:27 Horse Collar
theclaydude
11:55 Loom
14:14 Feudal Age
15:23 Double-Bit Axe
15:23 Fishing Lines
16:49 Fletching
17:20 Horse Collar
20:43 Wheelbarrow
23:53 Castle Age
22:18 Gold Mining
24:11 Arson
24:34 Crossbowman
25:24 Squires
26:06 Scale Mail Armor
26:02 Bodkin Arrow
27:06 Squires
28:16 Bow Saw
27:43 Pikeman
30:12 Arson
31:39 Forging
35:46 Chain Mail Armor
35:36 Stone Mining
39:06 Town Watch
39:40 Hand Cart
Connection lost

Rejoining the realm…

Still unreachable

The connection could not be restored.

Session expired

The server has moved on; the page needs a fresh start.